Map: Void Training Stage 3

Players

TiPtOP - Winner!

  • Race: Terran Terran
  • League: Silver
  • Spawn Location: 6:00

Player 2

  • Race: Zerg Zerg
  • Spawn Location: 12:00

VOD

Have the link to the VOD?

Description

Time

  • Played on: May 7, 2019, 6:24 a.m.
  • Length: 10:38
Show
View Real Time Build Order
Export as new Build Order

TiPtOP Terran - Winner!

Build Orders: Gas First Reaper Expand 

Get SALT Encoding   

  12  0:01  SCV  
  13  0:14  SCV  
  14  0:20  Supply Depot  
  14  0:30  Refinery, SCV  
  15  0:44  Barracks  
  15  0:46  SCV  
  16  0:59  SCV  
  17  1:12  SCV  
  18  1:25  SCV  
  19  1:32  Reaper  
  20  1:38  Orbital Command  
  20  1:53  Command Center  
  20  2:04  Barracks Reactor  
  20  2:05  SCV  
  21  2:19  SCV  
  22  2:24  Supply Depot  
  22  2:29  Barracks  
  22  2:37  Factory  
  22  2:42  Marine  
  23  2:46  Marine  
  24  2:52  Supply Depot  
  24  2:53  SCV  
  25  3:07  SCV  
  25  3:12  SCV  
  27  3:16  Marine x2  
  29  3:23  Factory Reactor  
  29  3:25  Starport  
  29  3:27  Barracks Tech Lab  
  29  3:31  Supply Depot  
  29  3:35  Marine  
  29  3:36  Marine  
  31  4:04  Marine x2  
  33  4:14  Stimpack  
  33  4:15  Marauder  
  35  4:18  SCV  
  36  4:25  SCV  
  37  4:37  SCV  
  38  4:39  Marine x2  
  38  4:40  Marauder  
  42  4:55  Bunker  
  42  4:57  Refinery  
  42  5:08  SCV  
  42  5:11  Marine x2, Marauder  
  42  5:13  Medivac, Factory Tech Lab  
  49  5:20  SCV  
  50  5:29  Marine x2  
  50  5:32  Marauder  
  54  5:44  SCV  
  54  5:48  Refinery  
  55  5:53  Supply Depot  
  55  5:56  SCV  
  56  5:57  Supply Depot  
  56  6:03  Medivac x2  
  60  6:04  Marine x2  
  62  6:15  SCV  
  62  6:17  SCV  
  64  6:25  Engineering Bay  
  64  6:27  Engineering Bay, SCV  
  64  6:28  Marine x2, Marauder  
  69  6:35  Siege Tank  
  69  6:39  Supply Depot  
  72  6:42  Supply Depot  
  72  6:47  Marine x2  
  72  6:50  Marauder  
  76  7:05  Terran Infantry Weapons Level 1  
  76  7:06  Terran Infantry Armor Level 1  
  76  7:09  SCV x2  
  76  7:13  Refinery  
  77  7:36  Marine  
  77  7:37  Marine, Marauder  
  79  8:12  Marine  
  79  8:13  Marine, Marauder  
  79  8:14  SCV x2  
  82  9:26  Marine x2, Marauder  
  82  9:44  Marine  
  83  9:48  Marauder  
Show
View Real Time Build Order
Export as new Build Order

Player 2 Zerg 

Build Orders: 1 Base Baneling Bust, Pool First 

Get SALT Encoding   

  12  0:00  Drone  
  13  0:13  Overlord  
  13  0:18  Drone  
  14  0:31  Drone  
  14  0:34  Drone  
  16  0:43  Spawning Pool  
  16  0:46  Drone  
  16  0:50  Drone  
  16  0:52  Extractor  
  16  0:56  Drone  
  17  1:06  Overlord  
  17  1:29  Zergling x2  
  17  1:32  Queen  
  20  1:39  Drone  
  21  1:40  Roach Warren  
  21  1:42  Extractor  
  21  1:46  Zergling x2  
  20  1:49  Drone  
  21  2:00  Drone  
  22  2:10  Overlord  
  22  2:22  Roach  
  24  2:38  Roach  
  24  2:39  Overlord  
  24  2:43  Drone  
  27  2:48  Drone  
  28  2:53  Drone  
  28  2:55  Ravager, Roach  
  32  3:06  Drone  
  32  3:10  Drone  
  32  3:12  Roach  
  36  3:13  Drone  
  36  3:19  Overlord  
  37  3:28  Ravager  
  37  3:29  Roach, Baneling Nest  
  39  3:39  Drone  
  40  3:41  Evolution Chamber  
  40  3:44  Drone  
  40  3:45  Roach  
  42  4:02  Zergling x2  
  42  6:38  Lair, Overlord, Drone  
  43  6:40  Spore Crawler  
  43  6:41  Drone, Spore Crawler  
  43  6:43  Evolution Chamber  
  43  6:44  Drone  
  43  6:46  Drone, Hatchery  
  42  6:49  Drone  
  43  7:05  Spine Crawler  
  43  7:07  Spine Crawler  
  41  7:19  Zergling x2  
  26  7:33  Roach  
  26  7:35  Overseer x2, Queen  
  30  7:39  Infestation Pit  
  30  7:42  Hydralisk Den  
  30  7:43  Drone  
  29  7:44  Spire  
  29  7:46  Drone  
  29  7:47  Roach  
  28  7:53  Overseer  
  28  7:54  Roach, Spine Crawler  
  28  7:55  Drone  
  28  7:57  Queen  
  25  7:58  Drone  
  25  8:01  Roach, Spore Crawler, Drone  
  25  8:04  Drone  
  27  8:06  Extractor  
  27  8:07  Drone  
  27  8:08  Roach  
  27  8:09  Spore Crawler  
  27  8:10  Drone  
  28  8:13  Drone, Spore Crawler  
  28  8:15  Evolution Chamber  
  22  8:22  Zergling x2  
  22  8:24  Drone  
  19  8:31  Drone  
  16  8:46  Lair  
  11  9:02  Roach Warren  
  10  9:13  Spawning Pool  
  8  9:45  Drone  
  9  9:47  Hydralisk Den  
  8  9:57  Drone  
  7  10:13  Drone  
  6  10:16  Drone  
Tags
 
Add a new tag
Caveats
  • Supply blocks, unpowered buildings, or Contaminate may cause inaccurate times.
  • Supply counts are checked every 10 seconds.